 Dungeon Crawl Stone Soup version 0.27-a0-1273-gec92ba881d (webtiles) character file.

Game seed: 12592981702707130083

455 Anon1729 the Cudgeller (level 6, 0/47 HPs)
             Began as a Palentonga Warper on June 11, 2021.
             Was a Follower of Cheibriados.
             Slain by a hound (2 damage)
             ... on level 6 of the Dungeon.
             The game lasted 00:05:38 (4552 turns).

Anon1729 the Cudgeller (Palentonga Warper)          Turns: 4552, Time: 00:05:38

Health: 0/47       AC:  7    Str: 19    XL:     6   Next: 76%
Magic:  9/9        EV:  5    Int: 15    God:    Cheibriados [*.....]
Gold:   167        SH:  5    Dex: 11    Spells: 9/9 levels left

rFire    . . .     SeeInvis +   a - +0 mace
rCold    . . .     Faith    .   (no shield)
rNeg     . . .     Spirit   .   t - +0 chain mail
rPois    .         Reflect  +   (no helmet)
rElec    .         Harm     .   (no cloak)
rCorr    .         Rampage  .   (no gloves)
Will     .....                  (no barding)
Stlth    ..........             o - amulet of reflection
HPRegen  0.15/turn              (no ring)
MPRegen  0.11/turn              (no ring)

@: about to teleport, very slow
A: large, rugged brown scales 3, see invisible, deformed body, roll 1, armoured
tail
a: Rolling Charge, Renounce Religion, Bend Time


You were on level 6 of the Dungeon.
You worshipped Cheibriados.
Cheibriados was aware of your devotion.
You visited 2 branches of the dungeon, and saw 7 of its levels.

You collected 167 gold pieces.

Inventory:

Hand Weapons
 a - a +0 mace (weapon)
 r - a +0 flail
Missiles
 e - 5 boomerangs of dispersal
 k - 4 boomerangs
 w - 3 silver boomerangs
Armour
 l - a +0 leather armour
 t - a +0 chain mail (worn)
Magical Staves
 b - a staff of poison
Jewellery
 o - an amulet of reflection (around neck)
 s - an amulet of magic regeneration
 x - a ring of fire
Scrolls
 g - a scroll of teleportation
 i - 5 scrolls of identify {unknown}
 m - a scroll of amnesia {unknown}
 v - a scroll of summoning {unknown}
Potions
 c - a potion of lignification {unknown}
 f - a potion of ambrosia {unknown}
 h - 2 potions of degeneration {unknown}
 j - a potion of heal wounds {unknown}
 n - a potion of invisibility {unknown}
 p - 3 potions of curing {unknown}
 q - a potion of attraction {unknown}
 u - 2 potions of flight {unknown}


   Skills:
 - Level 2.0 Fighting
 + Level 7.2 Maces & Flails
 - Level 0.6 Throwing
 + Level 1.2 Armour
 - Level 1.5 Dodging
 - Level 2.0 Spellcasting
 - Level 3.0 Translocations


You had 9 spell levels left.
You didn't know any spells.
Your spell library contained the following spells:

 Spells                   Type           Power      Damage    Failure   Level
 Blink                    Tloc           N/A        N/A       77%         2
 Gell's Gravitas          Tloc           5%         N/A       94%         3
 Lesser Beckoning         Tloc           5%         N/A       94%         3
 Teleport Other           Tloc           10%        N/A       94%         3
 Manifold Assault         Tloc           10%        N/A       100%        5


Dungeon Overview and Level Annotations

Branches:
Dungeon (5/15)             Temple (1/1) D:5

Altars:
Ashenzari
Cheibriados
Dithmenos
Elyvilon
Kikubaaqudgha
Nemelex Xobeh
Trog
Wu Jian
Yredelemnul
Zin


Innate Abilities, Weirdness & Mutations

You are completely covered in rugged brown scales. (AC +3, +7% HP)
You have supernaturally acute eyesight. (SInv)
Armour fits poorly on your strangely shaped body.
You can roll at nearby foes to attack.
You have a long armoured tail.


Message History

An orc is nearby!
An adder comes into view.
An orc comes into view. It is wielding a +0 hand axe.
Found a stone staircase leading up.
An orc priest comes into view. It is wielding a +0 whip.
The orc shouts!
The orc priest shouts!
The adder hisses angrily.
The orc hits you from afar with a +2 trident of flaming!
The orc burns you.
A centaur zombie comes into view.
The orc hits you from afar with a +2 trident of flaming.
The orc burns you.
There is an open door here.
The orc completely misses you. The adder barely misses you.
The adder bites you but does no damage. The adder bites you but does no damage.
The adder barely misses you.
You open the door. 2 gnolls and a gnoll sergeant come into view.
The gnoll sergeant shouts!
The gnoll shouts!
The kobold shouts!
You hear a shout!
The adder barely misses you.
A gnoll comes into view. It is wielding a +0 club.
The adder bites you but does no damage.
The gnoll moves out of view.
Found a ring mail.
The kobold zaps a wand.
Your mind is blasted!
Ouch! That really hurt!
* * * LOW HITPOINT WARNING * * *
There is an open door here.
You block the gnoll's attack. The adder bites you but does no damage.
Blink to where?
Press: ? - help, Dir - move target
As you read the scroll of blinking, it crumbles to dust.
A hound and a skeleton come into view.
Found 10 gold pieces.
As you read the scroll labelled ADYHEJ TAGRAV, it crumbles to dust.
You feel strangely unstable.
It was a scroll of teleportation.
You block the wyvern skeleton's attack. The hound bites you.
You die...

.....#Z.##oo'....[.#
.....'......#og....#
.....#..##..#......#
.....#..#####K.....#
.....#..# #......#
.....#... #..S...#
.....#.... #......#
.....#..... #......#
##§#.#......#...@..######
§§§#.# #...h.Z.......
.§§#.#####..'.............
>§≈#.....####.............
≈≈§#......................
####...............#######
...................#
.............$.....#
.........####......#


You could see a hound, a gnoll, an adder, an orc, a kobold and a wyvern
skeleton.

Vanquished Creatures
  A necrophage (D:4)
  2 scorpions
  A wyvern skeleton (D:6)
  A hound (D:5)
  A scorpion zombie (D:3)
  A hound skeleton (D:4)
  2 gnolls (D:4)
  3 adders
  An adder skeleton (D:4)
  6 orcs
  5 ball pythons
  2 endoplasms
  15 giant cockroaches
  9 hobgoblins
  3 jackals
  5 kobolds
  3 quokkas
  3 bats
  2 frilled lizards
  6 goblins
  7 rats
79 creatures vanquished.

Vanquished Creatures (others)
  5 plants (D:2)
5 creatures vanquished.

Grand Total: 84 creatures vanquished

Notes
Turn   | Place    | Note
-------+----------+-------------------------------------------
     0 | D:1      | Anon1729 the Palentonga Warper began the quest for the Orb.
     0 | D:1      | Reached XP level 1. HP: 17/17 MP: 3/3
   192 | D:1      | Reached XP level 2. HP: 22/23 MP: 5/5
   203 | D:1      | Reached skill level 3 in Maces & Flails
   547 | D:1      | Reached XP level 3. HP: 20/28 MP: 6/6
  1473 | D:2      | Reached skill level 4 in Maces & Flails
  1590 | D:2      | Noticed an eye of devastation
  1592 | D:2      | Found a faded altar of an unknown god.
  1594 | D:2      | Noticed a golden eye
  1594 | D:2      | Noticed a floating eye
  1594 | D:2      | Noticed a golden eye
  1615 | D:2      | You fall into a shaft and drop 2 floors!
  1638 | D:4      | Reached XP level 4. HP: 30/35 MP: 7/7
  1998 | D:4      | Noticed a scorpion
  2010 | D:4      | Killed a scorpion
  2011 | D:4      | Reached skill level 5 in Maces & Flails
  2011 | D:4      | Reached XP level 5. HP: 22/40 MP: 8/8
  2756 | D:5      | Entered Level 5 of the Dungeon
  2988 | D:5      | Reached skill level 6 in Maces & Flails
  3267 | D:5      | Found a staircase to the Ecumenical Temple.
  3298 | Temple   | Entered the Ecumenical Temple
  3340 | Temple   | Became a worshipper of Cheibriados the Contemplative
  3476 | D:4      | Noticed a necrophage
  3488 | D:4      | Killed a necrophage
  3489 | D:4      | Reached XP level 6. HP: 34/47 MP: 9/9
  3670 | D:3      | Reached skill level 7 in Maces & Flails
  4188 | D:3      | Reached * piety under Cheibriados
  4330 | D:3      | You fall into a shaft and drop 3 floors!
  4345 | D:6      | Reached skill level 1 in Armour
  4528 | D:6      | Found a broken altar of Ashenzari.
  4547 | D:6      | HP: 2/47 [disintegration (33)]
  4552 | D:6      | Slain by a hound

Illustrated notes

Levels and vault maps discovered:
D:1:      ncdulo_halloftheorcs, layout_basic, minmay_unequal
D:2:      minmay_roachtagon, layout_loops_ring,
          hellmonk_ecumenical_altar_watching_god, chequers_avenue,
          serial_bayou_lake_a
D:3:      layout_loops_corners, roderic_batcave, st_stairs_10,
          serial_bayou_pond_c
D:4:      layout_basic
D:5:      layout_loops_corners, nzn_hepliaklqana_mist_gate,
          minmay_temple_entry_nine_rooms, uniq_edmund
D:6:      layout_gridville, general_overflow_altar,
          nicolae_sif_muna_little_library, amcnicky_altar_gilded,
          kennysheep_path_1
Temple:   nicolae_temple_elliptical

Skill      XL: |  1  2  3  4  5  6 |
---------------+-------------------+-----
Maces & Flails | 3 4 5 6 7 |  7.2
Armour         | 1 |  1.2
Fighting       | |  2.0
Throwing       | |  0.6
Dodging        | |  1.5
Spellcasting   | |  2.0
Translocations | |  3.0

Action                   |  1- 3 |  4- 6 || total
-------------------------+-------+-------++-------
Melee: Mace              |   116 |   155 ||   271
       Tailslap          |     7 |    17 ||    24
       Staff             |       |    35 ||    35
 Abil: Rolling Charge    |    11 |     1 ||    12
  Use: Scroll            |       |     2 ||     2
Armor: Leather armour    |    56 |    15 ||    71
       Chain mail        |       |    62 ||    62
Dodge: Dodged            |    71 |    51 ||   122
Block: Other             |     4 |    47 ||    51
       Reflection        |       |     1 ||     1

Table legend: (Time is in decaauts)
 A = Elapsed time spent in this place.
 B = Non-inter-level travel time spent in this place.
 C = Inter-level travel time spent in this place.
 D = Time resting spent in this place.
 E = Time spent auto-exploring this place.
 F = Levels seen in this place.
 G = Mean time per level.
                   A        B        C        D        E       F      G
               +--------+--------+--------+--------+--------+-----+--------+
         Total |   4801 |   4604 |    197 |    812 |   3081 |   7 |  685.9 |
       Dungeon |   4746 |   4561 |    185 |    812 |   3054 |   6 |  791.0 |
        Temple |     55 |     43 |     12 |      0 |     27 |   1 |   55.0 |
               +--------+--------+--------+--------+--------+-----+--------+

Top non-repeatable levels by time:
     D:4: 1231 daAuts
     D:1: 1132 daAuts
     D:3: 986 daAuts
     D:5: 631 daAuts
     D:2: 519 daAuts
     D:6: 244 daAuts
  Temple: 55 daAuts
